 Dungeon Crawl Stone Soup version 0.29-a0-275-g389c0b56f3 (webtiles) character file.

Game seed: 6561998610583980371

8198 siradein the Fighter (level 11, 0/89 HPs)
             Began as a Minotaur Hunter on Mar 10, 2022.
             Was an Elder of Hepliaklqana.
             Slain by a black mamba (9 damage)
             ... on level 1 of the Lair of Beasts.
             The game lasted 00:40:31 (10110 turns).

siradein the Fighter (Minotaur Hunter)             Turns: 10110, Time: 00:40:31

Health: 0/89       AC: 15    Str: 17    XL:     11   Next: 6%
Magic:  13/13      EV: 15    Int:  8    God:    Hepliaklqana [****..]
Gold:   384        SH:  0    Dex: 15    Spells: 8/10 levels left

rFire   . . .      SeeInvis +   j - +2 dagger (venom)
rCold   . . .      Faith    .   (no shield)
rNeg    . . .      Spirit   .   D - +3 ring mail of Ru's Envy {Will+}
rPois   +          Reflect  .   (helmet restricted)
rElec   .          Harm     .   L - +2 cloak
rCorr   .          Rampage  .   (no gloves)
Will    +....                   S - +0 pair of boots
Stlth   +.........              G - amulet of regeneration
HPRegen 1.04/turn               s - ring of poison resistance
MPRegen 0.13/turn               t - ring of see invisible

@: no status effects
A: reduced essence, horns 2, retaliatory headbutt
a: Renounce Religion, Recall Ancestor, Ancestor Identity, Transference, Idealise


You were on level 1 of the Lair of Beasts.
You worshipped Hepliaklqana.
Hepliaklqana was greatly pleased with you.
You visited 2 branches of the dungeon, and saw 12 of its levels.

You collected 484 gold pieces.
You spent 100 gold pieces at shops.

Inventory:

Hand Weapons
 a - a +1 shortbow
 j - a +2 dagger of venom (weapon)
Armour
 D - the +3 ring mail of Ru's Envy (worn) {Will+}
   (You found it on level 5 of the Dungeon)

   Will:      It increases your willpower.
 L - a +2 cloak (worn)
 S - a +0 pair of boots (worn)
Jewellery
 k - a +6 ring of intelligence
 l - an amulet of the acrobat
 m - a +6 ring of dexterity
 n - a ring of magical power
 s - a ring of poison resistance (left hand)
 t - a ring of see invisible (right hand)
 G - an amulet of regeneration (around neck)
 I - a ring of magical power
 R - a ring of flight
Wands
 w - a wand of paralysis (9)
 z - a wand of digging (4)
 B - a wand of flame (30)
 F - a wand of acid (10)
 H - a wand of iceblast (10)
 J - a wand of charming (9)
 O - a wand of mindburst (22)
Scrolls
 c - 3 scrolls of immolation
 g - 3 scrolls of enchant armour
 p - 3 scrolls of teleportation
 q - 2 scrolls of enchant weapon {unknown}
 r - 3 scrolls of vulnerability
 v - a scroll of blinking {unknown}
 y - a scroll of magic mapping {unknown}
 C - 2 scrolls of fog {unknown}
 K - a scroll of fear {unknown}
 N - a scroll of amnesia {unknown}
Potions
 b - 2 potions of berserk rage
 d - 3 potions of lignification
 e - a potion of mutation {unknown}
 f - 3 potions of cancellation
 h - 2 potions of magic
 i - 3 potions of flight
 o - a potion of haste {unknown}
 u - 2 potions of might
 x - 4 potions of heal wounds
 A - a potion of invisibility {unknown}
 E - 3 potions of curing
 M - a potion of attraction {unknown}
 P - a potion of brilliance {unknown}
Miscellaneous
 Q - a box of beasts


   Skills:
 + Level 10.0 Fighting
 + Level 9.9 Bows
 + Level 9.5 Armour
 + Level 9.1 Dodging
 - Level 0.7 Stealth
 + Level 4.0 Invocations
 + Level 3.6 Evocations


You had 8 spell levels left.
You knew the following spells:

 Your Spells              Type           Power      Damage    Failure   Level
a - Blink                 Tloc           0%         N/A       71%         2

Your spell library contained the following spells:

 Spells                   Type           Power      Damage    Failure   Level
 Sandblast                Erth           0%         2d4       56%         1
 Passwall                 Tmut/Erth      0%         N/A       71%         2
 Confusing Touch          Hex            0%         N/A       91%         3
 Gell's Gravitas          Tloc           0%         N/A       91%         3
 Lesser Beckoning         Tloc           0%         N/A       91%         3
 Stone Arrow              Conj/Erth      0%         3d7       91%         3
 Teleport Other           Tloc           0%         N/A       91%         3
 Manifold Assault         Tloc           0%         N/A       100%        5
 Yara's Violent Unravell  Hex/Tmut       0%         3d3       100%        5
 Enfeeble                 Hex            0%         N/A       100%        7
 Storm Form               Tmut/Air       0%         N/A       100%        7


Dungeon Overview and Level Annotations

Branches:
Dungeon (11/15)            Temple (0/1) D:7            Lair (1/6) D:10
    Orc (0/2) D:9

Altars:
Ashenzari
Cheibriados
Elyvilon
Fedhas
Gozag
Hepliaklqana
Makhleb
Nemelex Xobeh
Ru
Sif Muna
Trog
Vehumet
Wu Jian
Yredelemnul
Zin
The Shining One

Shops:
D:2 *   D:5 :!   D:10 =

Portals:
Trove: D:10 (give +3 storm dragon scales)

Annotations:
D:11 Nergalle


Innate Abilities, Weirdness & Mutations

Your life essence is reduced to manifest your ancestor. (-10% HP)
You have a pair of horns on your head.
You reflexively headbutt those who attack you in melee.


Message History

You feel very sick. The black mamba bites you.
You are too injured to fight recklessly!
You are too injured to fight recklessly!
Your +2 dagger of venom begins to drip with poison!
j - a +2 dagger of venom (weapon)
You feel sick. The black mamba completely misses you.
You hit the black mamba.
The black mamba is heavily wounded.
You feel very sick. The black mamba misses you. You furiously retaliate!
You headbutt the black mamba. The black mamba barely misses you.
You furiously retaliate!
You headbutt the black mamba, but do no damage.
You hit the black mamba.
The black mamba is severely wounded.
You feel very sick. The black mamba barely misses you.
The black mamba bites you but does no damage.
You closely miss the black mamba.
The black mamba is severely wounded.
You feel sick. The black mamba barely misses you. The black mamba bites you!
* * * LOW HITPOINT WARNING * * *
You hit the black mamba.
The black mamba is poisoned.
You headbutt the black mamba, but do no damage.
The black mamba is severely wounded.
You feel sick.
The black mamba bites you but does no damage.
The black mamba bites you!
* * * LOW HITPOINT WARNING * * *
You are lethally poisoned!
The black mamba poisons you!
You feel better. The black mamba bites you.
* * * LOW HITPOINT WARNING * * *
You miss the black mamba. You headbutt the black mamba.
The black mamba is almost dead.
The black mamba bites you.
* * * LOW HITPOINT WARNING * * *
The black mamba bites you!
You die...

##.##.#...
#P..#.#(P .# ..
##....#.# ?# ...
##.#.##.##.##...
#..#..#........
##P....†........
#.............##
##.####...S††##
## #.##.@.#
#.##..## #.##..?
..###.## #. ..#
#.. ... ##.


You could see a black mamba (very poisoned).

Vanquished Creatures
  A two-headed ogre (D:8)
  Pikel (D:7)
  An oklob plant (D:10)
  A cyclops (D:11)
  An unseen horror (D:10)
  A wyvern (D:10)
  13 yaks
  A water moccasin (Lair:1)
  3 sky beasts
  3 orc warriors
  An ogre (D:7)
  A centaur (D:10)
  A phantom (D:6)
  2 kobold brigands
  2 scorpions
  A water moccasin skeleton (D:4)
  A howler monkey (D:10)
  A centaur zombie (D:4)
  3 jellies
  2 hounds
  A centaur skeleton (D:4)
  4 orc priests
  An iguana (D:5)
  5 orc wizards
  2 mummies
  5 adders
  A shadow imp (D:5)
  A worm (D:2)
  2 dart slugs
  21 orcs
  2 bats
  10 endoplasms
  5 giant cockroaches
  7 goblins
  10 hobgoblins
  5 jackals
  20 kobolds
  4 quokkas
  3 ball pythons
  7 frilled lizards
  4 rats
161 creatures vanquished.

Vanquished Creatures (collateral kills)
  A cane toad (Lair:1)
  A wraith (D:11)
  3 yaks
  A steam dragon (D:6)
  The ghost of Esekla the Sneak, an amateur OpDe (D:4)
  Menkaure (D:7)
  Duvessa (D:5)
  An ogre (D:6)
  2 bullfrogs
  2 scorpions
  2 necrophages
  Dowan (D:5)
  4 hounds
  An orc priest (D:7)
  A jelly (D:6)
  3 orc wizards
  An adder (D:5)
  A shadow imp (D:6)
  2 orcs
  2 kobolds
32 creatures vanquished.

Vanquished Creatures (others)
  11 hexers
  An ancestor (D:6)
  3 fungi (D:5)
  10 plants
  4 toadstools (D:5)
29 creatures vanquished.

Grand Total: 222 creatures vanquished

Notes
Turn   | Place    | Note
-------+----------+-------------------------------------------
     0 | D:1      | siradein the Minotaur Hunter began the quest for the Orb.
     0 | D:1      | Reached XP level 1. HP: 18/18 MP: 0/0
   184 | D:1      | Reached XP level 2. HP: 25/25 MP: 1/1
   203 | D:1      | Reached skill level 1 in Armour
   206 | D:1      | Found a faded altar of an unknown god.
   747 | D:2      | Reached skill level 3 in Fighting
   762 | D:2      | Reached XP level 3. HP: 28/31 MP: 2/2
   889 | D:2      | Found a shimmering blue altar of Sif Muna.
  1065 | D:2      | Found Salufu's Assorted Antiques.
  1611 | D:3      | Reached XP level 4. HP: 38/38 MP: 3/3
  1698 | D:3      | Reached skill level 5 in Bows
  1763 | D:3      | Found a hazy altar of Hepliaklqana.
  1777 | D:3      | Became a worshipper of Hepliaklqana the Forgotten
  1986 | D:3      | Noticed a scorpion
  2003 | D:3      | Killed a scorpion
  2004 | D:3      | Reached XP level 5. HP: 37/46 MP: 4/4
  2129 | D:3      | Found a snail-covered altar of Cheibriados.
  2284 | D:4      | Reached skill level 4 in Fighting
  2316 | D:4      | Found a transporter.
  2319 | D:4      | Noticed Esekla's ghost (amateur OpDe)
  2357 | D:4      | Reached XP level 6. HP: 37/52 MP: 5/5
  2498 | D:4      | Found a transporter.
  2778 | D:4      | Found a sparkling altar of Nemelex Xobeh.
  2858 | D:4      | Found a shimmering blue altar of Sif Muna.
  3122 | D:5      | Entered Level 5 of the Dungeon
  3122 | D:5      | Reached * piety under Hepliaklqana
  3132 | D:5      | Noticed a sky beast
  3166 | D:5      | Killed a sky beast
  3772 | D:5      | Found Xiymewic's Distillery.
  3879 | D:5      | Reached skill level 5 in Fighting
  3879 | D:5      | Reached XP level 7. HP: 54/54 MP: 6/6
  3945 | D:5      | Identified the +3 ring mail of Ru's Envy {Will+}
  3988 | D:5      | Noticed Duvessa
  3988 | D:5      | Noticed Dowan
  4006 | D:5      | Killed Duvessa
  4013 | D:5      | Killed Dowan
  4247 | D:5      | Found Danevoy's Book Boutique.
  4301 | D:5      | Found Asmeecer's General Store.
  4347 | D:5      | Learned a level 2 spell: Blink
  4393 | D:5      | Found a radiant altar of Vehumet.
  4483 | D:5      | Reached skill level 5 in Dodging
  4489 | D:5      | Bought a potion of might for 40 gold pieces
  4489 | D:5      | Bought a potion of degeneration for 10 gold pieces
  4489 | D:5      | Bought a potion of heal wounds for 50 gold pieces
  4604 | D:6      | Reached skill level 5 in Armour
  4691 | D:6      | Reached skill level 6 in Fighting
  4708 | D:6      | Reached XP level 8. HP: 63/63 MP: 7/7
  5194 | D:6      | Reached ** piety under Hepliaklqana
  5196 | D:6      | Remembered your ancestor Master Baiter as a hexer
  5517 | D:6      | Found a bloodstained altar of Trog.
  5784 | D:7      | Found a glowing golden altar of the Shining One.
  5784 | D:7      | Found a white marble altar of Elyvilon.
  5784 | D:7      | Found a glowing silver altar of Zin.
  5846 | D:7      | Reached skill level 7 in Fighting
  5869 | D:7      | Found a staircase to the Ecumenical Temple.
  6048 | D:7      | Found a broken altar of Ashenzari.
  6096 | D:7      | Noticed Pikel
  6128 | D:7      | Killed Pikel
  6129 | D:7      | Reached XP level 9. HP: 72/72 MP: 8/8
  6159 | D:7      | Found a sacrificial altar of Ru.
  6162 | D:7      | Found a blossoming altar of Fedhas.
  6166 | D:7      | Found an opulent altar of Gozag.
  6330 | D:7      | Noticed Menkaure
  6338 | D:7      | Killed Menkaure
  6339 | D:7      | Reached skill level 8 in Fighting
  6710 | D:8      | Found an ornate altar of the Wu Jian Council.
  6961 | D:8      | Reached *** piety under Hepliaklqana
  7096 | D:8      | Noticed a two-headed ogre
  7448 | D:8      | Killed a two-headed ogre
  7827 | D:9      | Reached skill level 1 in Invocations
  7827 | D:9      | Reached skill level 1 in Evocations
  8293 | D:8      | Reached XP level 10. HP: 79/81 MP: 10/10
  8312 | D:8      | Reached skill level 9 in Fighting
  8345 | D:9      | Found a staircase to the Orcish Mines.
  8481 | D:10     | Entered Level 10 of the Dungeon
  8702 | D:4      | Killed Esekla's ghost
  8858 | D:10     | Found a basalt altar of Yredelemnul.
  8859 | D:10     | Found a burning altar of Makhleb.
  8859 | D:10     | Reached **** piety under Hepliaklqana
  9025 | D:10     | Found a staircase to the Lair.
  9026 | D:10     | Noticed an oklob plant
  9184 | D:10     | Found Poyxont's Jewellery Shoppe.
  9203 | D:10     | Found a portal to a secret trove of treasure.
  9456 | D:11     | Noticed a cyclops
  9506 | D:11     | Killed a cyclops
  9753 | D:11     | Noticed Nergalle
  9977 | D:10     | Killed an oklob plant
 10028 | Lair:1   | Entered Level 1 of the Lair of Beasts
 10034 | Lair:1   | Noticed a cane toad
 10043 | Lair:1   | Killed a cane toad
 10079 | Lair:1   | Reached skill level 10 in Fighting
 10079 | Lair:1   | Reached XP level 11. HP: 89/89 MP: 12/12
 10110 | Lair:1   | Slain by a black mamba

Illustrated notes

Levels and vault maps discovered:
D:1:      sevenhm_arrival_forest_fort_small_6, layout_loops_ring,
          chequers_ecumenical_altar_island
D:2:      layout_rooms, basic_altar, serial_shops, shop,
          amcnicky_mini_rare_corridor_liquid, lexackson_kobold_supper
D:3:      layout_loops_ring, mainiacjoe_overflow_small_starburst, slow_altar_2
D:4:      minmay_evil_eye, layout_loops_ring, general_overflow_altar,
          nemelex_spade_bored_becter, gammafunk_ghost_mausoleum,
          minmay_fractal_squares_gapless_5
D:5:      layout_gridville, kennysheep_mini, serial_shops,
          kennysheep_little_box, nicolae_inconvenience_store,
          kennysheep_mini_moat, hangedman_decor_diamond_cutter,
          minmay_gold_behind_fungi, uniq_duvessa
D:6:      layout_cave_pools, mainiacjoe_overflow_tiny_flanked
D:7:      layout_loops_ring, dreamdust_divine_triumvirate,
          grunt_temple_overflow_diamond, nicolae_ashenzari_panopticon,
          minmay_temple_entry_ruins, st_stairs_7, uniq_menkaure, uniq_pikel
D:8:      layout_gridville, mainiacjoe_overflow_surrounded_room
D:9:      layout_loops_ring, orc_0_dummy
D:10:     layout_basic, nicolae_overflow_squiral, dpeg_oklobed_lair,
          enter_trove_2, serial_shops, shop, minmay_misc_feat_secret_circle,
          nicolae_figureground_pulse
D:11:     layout_layer_cave, special_room [special_room_orc], uniq_nergalle
Lair:1:   dpeg_oklob_gauntlet, layout_loops_ring, nzn_sisyphean_effort

Skill      XL: |  1  2  3  4  5  6  7  8  9 10 11 |
---------------+----------------------------------+-----
Armour         | 1 2 3 4 5 7 8 9 |  9.5
Fighting       | 3 4 5 6 7 8 10 | 10.0
Dodging        | 3 4 5 7 8 9 |  9.1
Bows           | 5 6 8 9 |  9.9
Invocations    | 1 3 4 |  4.0
Evocations     | 1 3 |  3.6
Stealth        | |  0.7

Action                   |  1- 3 |  4- 6 |  7- 9 | 10-12 || total
-------------------------+-------+-------+-------+-------++-------
Melee: Short sword       |       |     7 |    16 |       ||    23
       Headbutt          |       |       |     5 |    10 ||    15
       Dagger            |       |       |     6 |    28 ||    34
       Punch             |       |       |     1 |       ||     1
       Shortbow          |       |       |       |     1 ||     1
 Fire: Shortbow          |   124 |   150 |   261 |   168 ||   703
Invok: Ancestor Identity |       |     1 |       |       ||     1
       Ancestor Life: He |       |       |     1 |       ||     1
       Recall Ancestor   |       |       |     1 |     2 ||     3
  Use: Scroll            |       |     1 |     5 |     3 ||     9
       Potion            |       |       |       |     1 ||     1
 Stab: Distracted        |       |       |       |     1 ||     1
Armor: Leather armour    |     9 |    10 |       |       ||    19
       Scale mail        |       |    11 |       |       ||    11
       Ring mail         |       |       |    30 |    48 ||    78
Dodge: Dodged            |    27 |    53 |    57 |    83 ||   220

Table legend: (Time is in decaauts)
 A = Elapsed time spent in this place.
 B = Non-inter-level travel time spent in this place.
 C = Inter-level travel time spent in this place.
 D = Time resting spent in this place.
 E = Time spent auto-exploring this place.
 F = Levels seen in this place.
 G = Mean time per level.
                   A        B        C        D        E       F      G
               +--------+--------+--------+--------+--------+-----+--------+
         Total |  10265 |   9744 |    521 |    570 |   6994 |  12 |  855.4 |
       Dungeon |  10182 |   9661 |    521 |    570 |   6965 |  11 |  925.6 |
          Lair |     83 |     83 |      0 |      0 |     29 |   1 |   83.0 |
               +--------+--------+--------+--------+--------+-----+--------+

Top non-repeatable levels by time:
     D:5: 1760 daAuts
     D:7: 1123 daAuts
     D:4: 1018 daAuts
    D:10: 1016 daAuts
     D:6: 946 daAuts
     D:8: 943 daAuts
     D:9: 813 daAuts
     D:2: 803 daAuts
     D:3: 776 daAuts
     D:1: 714 daAuts
    D:11: 265 daAuts
  Lair:1: 83 daAuts
